[Event "Edinburgh Bicentenary IM 2022"]
[Site "Edinburgh"]
[Date "2022.06.02"]
[Round "2.2"]
[White "Blackburn, Jonathan L B"]
[Black "Yao, Lan"]
[Result "1/2-1/2"]
[ECO "E37"]
[WhiteElo "2215"]
[BlackElo "2276"]
[Annotator "TA"]
[PlyCount "63"]
[EventDate "2022.06.01"]
[EventType "tourn"]
[EventCountry "SCO"]
[SourceTitle "playchess.com"]
[Source "ChessBase"]
[SourceQuality "1"]
[TimeControl "5400+30"]

1. d4 Nf6 2. c4 e6 3. Nc3 Bb4 4. Qc2 O-O 5. a3 Bxc3+ 6. Qxc3 Ne4 7. Qc2 d5 8. Nf3 b6 9. e3 $1 {[%emt 0:00:08] 9.e3 scores better than 9.Bf4.} Bb7 10. Bd3 {[%emt 0:00:05] E37: Nimzo-Indian: Classical: 4...d5 5 a3 Bxc3+ 6 Qxc3 Ne4.} f5 11. O-O Nd7 12. b4 {[%emt 0:02:04] White has an edge.} Rf6 13. c5 c6 14. Ne1 {[%emt 0:15:38] [#]} Ng5 $146 (14... Qc7 $11 {keeps the balance.}) ({Predecessor:} 14... Rh6 15. g3 Rg6 16. Ng2 Ng5 17. f3 Rf6 18. Bb2 Qe7 19. h4 Nf7 20. g4 fxg4 21. fxg4 {½-½ (49) Simantsev,M (2489)-Iljushina,O (2255) Saratov 2008}) 15. f3 (15. e4 $142 Nxe4 16. f3) 15... Qe8 16. h4 Nf7 17. e4 (17. Rb1 {with more complications.} Qc8 18. a4 bxc5 19. bxc5 Ba6 20. Qe2) 17... fxe4 18. fxe4 dxe4 19. Bxe4 Rxf1+ 20. Kxf1 Nf6 21. Bf3 Qd7 {[%emt 0:14:42] Hoping for ...Ba6+.} 22. Be3 Nd5 {[%emt 0:03:47] [#]} 23. Bf2 Nh6 24. Kg1 a5 ({Black should play} 24... Nf5) 25. bxa5 $16 bxa5 26. Nd3 Nf5 (26... Nf7 $16 27. Qd2 Ba6) 27. Ne5 $18 Qd8 28. Qe4 Nf6 (28... Qc7 $142 29. Qc2 Rf8) 29. Qf4 Nd5 30. Qe4 (30. Qd2 $142) 30... Nf6 $1 {[%emt 0:00:10] Pair of Knights!} 31. Qd3 {[%emt 0:03:18] [#] Black must now prevent Qb3.} Nd5 32. Qe4 $2 {[%emt 0:04:36] Weighted Error Value: White=0.27 (precise) /Black=0.24 (precise)} (32. Be4 $18) 1/2-1/2

[Event "Edinburgh Bicentenary IM 2022"]
[Site "Edinburgh"]
[Date "2022.06.02"]
[Round "2.3"]
[White "Olson, Hamish"]
[Black "Dunnington, Angus J"]
[Result "1/2-1/2"]
[ECO "B07"]
[WhiteElo "2300"]
[BlackElo "2382"]
[Annotator "TA"]
[PlyCount "28"]
[EventDate "2022.06.01"]
[EventType "tourn"]
[EventCountry "SCO"]
[SourceTitle "playchess.com"]
[Source "ChessBase"]
[SourceQuality "1"]
[TimeControl "5400+30"]

1. Nf3 g6 2. e4 Bg7 3. d4 d6 4. c3 Nf6 5. Nbd2 O-O 6. Be2 c5 7. dxc5 dxc5 8. O-O Nc6 9. Re1 Qc7 10. Qc2 Nh5 {[%emt 0:09:16] B07: Pirc Defence: Miscellaneous Systems.} 11. g3 {[%emt 0:00:56] [#] Prevents Nf4.} b6 $146 ({Predecessor:} 11... h6 12. Nc4 Bh3 13. Nh4 Nf6 14. Bf4 Qc8 15. Be3 b6 16. f3 Be6 17. a4 Qc7 {0-1 (80) Rocha,W (2361)-Disconzi da Silva,R (2336) Americana 1999}) 12. a4 Na5 13. Nc4 Nxc4 14. Bxc4 Bb7 {[%emt 0:00:40] An uneventful encounter.  Weighted Error Value: White=0.00 (flawless) /Black=0.00 (flawless)} 1/2-1/2

[Event "Edinburgh Bicentenary IM 2022"]
[Site "Edinburgh"]
[Date "2022.06.02"]
[Round "2.4"]
[White "Wall, Gavin"]
[Black "Berry, Neil"]
[Result "1/2-1/2"]
[ECO "C55"]
[WhiteElo "2309"]
[BlackElo "2260"]
[Annotator "TA"]
[PlyCount "49"]
[EventDate "2022.06.01"]
[EventType "tourn"]
[EventCountry "SCO"]
[SourceTitle "playchess.com"]
[Source "ChessBase"]
[SourceQuality "1"]
[TimeControl "5400+30"]

1. e4 e5 2. Nf3 Nc6 3. Bc4 Nf6 4. d3 Bc5 5. c3 O-O 6. O-O d5 7. exd5 Nxd5 8. Re1 Bg4 9. h3 Bh5 10. Nbd2 Nb6 11. Bb5 {[%emt 0:01:54] 11.Bb3 is more advanced technology.} Bd6 12. Ne4 {[%emt 0:06:56] C55: Two Knights: 4 d3, 4 d4 exd4 5 e5 and Max Lange Attack.} f5 13. Bxc6 bxc6 14. Ng3 Bxf3 15. Qxf3 Qd7 16. c4 Rae8 17. Nf1 {[%emt 0:03:10] [#]} Bb4 $146 ({Predecessor:} 17... f4 18. b3 c5 19. Bb2 Qf5 20. Re2 Nd7 21. Rae1 g5 22. Nh2 Kf7 23. Ng4 Kg6 {1-0 (36) Ivekovic,B (2405)-Dabo Peranic,R (2289) Mali Losinj 2021}) 18. Rd1 Na4 (18... Bc5 $5 ) 19. b3 Bc3 20. Ba3 Bxa1 (20... Nb2 $1 $11) 21. Rxa1 $14 ({Reject} 21. Bxf8 Rxf8 22. Rxa1 Nb2 $15) 21... Qd4 {[%emt 0:01:46] [#] White must now prevent ...e4.} 22. Re1 ({Better is} 22. Rd1 $11) 22... Nc5 (22... Rf6 $5) 23. Qxc6 {[%emt 0:06:10] The position is equal.} Nxd3 24. Re2 e4 {[%emt 0:08:30] And now ...Qf6 would win.} 25. Bxf8 {[%emt 0:00:06] Weighted Error Value: White=0.12 (very precise) /Black=0.16 (very precise)} 1/2-1/2

[Event "Edinburgh Bicentenary IM 2022"]
[Site "Edinburgh"]
[Date "2022.06.02"]
[Round "2.5"]
[White "Burnett, Andrew"]
[Black "Hill, Alistair"]
[Result "1/2-1/2"]
[ECO "A32"]
[WhiteElo "2176"]
[BlackElo "2204"]
[Annotator "TA"]
[PlyCount "153"]
[EventDate "2022.06.01"]
[EventType "tourn"]
[EventCountry "SCO"]
[SourceTitle "playchess.com"]
[Source "ChessBase"]
[SourceQuality "1"]
[TimeControl "5400+30"]

1. d4 e6 2. Nf3 c5 3. c4 cxd4 4. Nxd4 Nf6 5. Nc3 d5 6. cxd5 Nxd5 7. Qb3 {[%emt 0:03:36] [#] A32: Symmetrical English: 2 Nf3 Nf6 3 d4 cxd4 4 Nxd4 e6.} Be7 $146 ({Predecessor:} 7... Nf6 8. e3 a6 9. Be2 Bd6 10. O-O O-O 11. Rd1 Qe7 12. e4 Nbd7 13. Bg5 h6 14. Bh4 Rd8 {0-1 (43) Rakhmanov,A (2653)-Xiong,J (2710) Chess.com INT 2021}) 8. g3 Nxc3 9. bxc3 O-O 10. Bg2 Na6 11. O-O (11. Bxb7 Nc5 12. Bxa8 Nxb3 13. axb3 Qc7 $17) (11. Qb1 {is interesting.} e5 12. Nf5 Bc5 13. O-O) 11... Nc5 12. Qc2 Bd7 13. Rb1 Ba4 14. Qd2 Rc8 15. c4 a6 16. Nb3 b5 17. cxb5 {[%emt 0:02:04] aiming for Nxc5.} Nxb3 18. axb3 Bxb5 19. Bf3 Qxd2 20. Bxd2 Rc2 21. Rfd1 Rd8 22. Ba5 (22. Be3 $11) 22... Rxd1+ $17 23. Rxd1 Bxe2 24. Bxe2 Rxe2 {[%emt 0:00:04][%mdl 4096] Endgame KRB-KRB} 25. Rd7 Kf8 26. b4 Rb2 27. Rd4 f5 28. h4 Kf7 (28... h5 $17) 29. Rd7 $11 Kf6 30. Ra7 f4 (30... Bxb4 31. Rb7 $14) 31. gxf4 Bd6 (31... Bxb4 32. Rb7 $16) 32. Rxa6 Bxf4 (32... Bxb4 $2 33. Rb6 $18) 33. Ra8 {[%emt 0:01:48] Rf8+ is the strong threat.} Kg6 34. Re8 e5 (34... Kf5 $15) 35. Re7 h6 36. h5+ Kxh5 {[%emt 0:01:01] White must now prevent ...Kg4.} 37. Rxg7 Bg5 38. Rg8 Kg4 39. Kg2 Kf5 40. Rf8+ Ke4 41. Rb8 Bd2 42. f3+ Kd3 43. Rd8+ Ke2 44. Kg3 (44. Bb6 $11) 44... h5 $17 {[%emt 0:00:27] And now ...Bf4+ would win.} (44... Bxb4 45. Bxb4 Rxb4 46. Re8 $11) 45. Rf8 (45. Bc7 $17 {keeps some hope.}) 45... Rb3 $2 (45... Kf1 $1 $19 {and Black stays clearly on top.} 46. Rf5 Bf4+ 47. Rxf4 Rg2+ 48. Kh3 exf4) 46. Kg2 Bf4 ({Of course not} 46... Bxb4 47. Rb8 $11) 47. Rh8 $2 (47. Rc8 $17 {was worth a try.}) 47... Rb2 $2 (47... Rxf3 $19 {( -> ...Rg3+)} 48. Bb6 Rg3+ 49. Kh1 Rh3+ 50. Kg2 Rh2+ 51. Kg1 Kf3) 48. Bb6 $1 $15 Rxb4 49. Bf2 Rb3 50. Ra8 Rb2 51. Rh8 Rb3 52. Ra8 Rb2 53. Rh8 Be3 54. Bxe3 Kxe3+ $11 {[%emt 0:00:02] KR-KR} 55. Kg3 Rf2 56. Rxh5 Rxf3+ 57. Kg2 e4 58. Ra5 Rf2+ 59. Kg1 {[%emt 0:00:53] Threatening mate with Ra3+.} Rd2 {[%emt 0:00:36] Hoping for ...Kf3.} 60. Ra4 $2 (60. Kf1 $11) 60... Kf3 61. Ra1 Ke2 $2 (61... e3 62. Rf1+ Rf2 63. Rc1 Rg2+ 64. Kh1 Rg4 65. Rf1+ Ke4 66. Re1 Kd3 67. Rd1+ Kc2 68. Ra1 e2 69. Kh2 Kd2 70. Kh3 Rd4 71. Ra2+ Ke3 72. Ra3+ Kf4 73. Ra1 Re4 74. Kg2 e1=Q 75. Rxe1 Rxe1 76. Kf2 Re6 77. Kg2 Re2+ 78. Kf1 Kf3 79. Kg1 Re1+ 80. Kh2 Rd1 81. Kh3 Rh1#) 62. Kg2 e3 63. Ra3 $2 {[%emt 0:00:23][%mdl 8192] [#]} (63. Ra8 $11) 63... Rc2 $2 ({Worse is} 63... Kd1+ 64. Kf3 $11) (63... Ke1+ $1 64. Kf3 e2 65. Ke4 Rd8 66. Ra7 Re8+ 67. Kd3 Rf8 68. Re7 Rf3+ 69. Kc2 Kf1 70. Kd2 Rf2 71. Kc3 e1=Q+ 72. Rxe1+ Kxe1 73. Kd4 Rf5 74. Ke3 Rh5 75. Kd4 Kd2 76. Ke4 Kc3 77. Kf4 Kd3 78. Kg4 Ra5 79. Kf4 Rd5 80. Kg3 Ke3 81. Kg4 Ra5 82. Kg3 Rg5+ 83. Kh4 Kf4 84. Kh3 Kf3 85. Kh2 Rh5+ 86. Kg1 Rh4 87. Kf1 Rh1#) 64. Rb3 $2 (64. Ra1 $11) 64... Kd2 ({And not} 64... Kd1+ 65. Kf3 $11) 65. Rb1 Ke2 66. Rb3 Kd1+ $2 (66... Rc8 {mates} 67. Rb2+ Kd1 68. Kf3 e2 69. Rb1+ Kd2 70. Rb2+ Kd3 71. Rb1 Rf8+ 72. Kg2 Rf5 73. Ra1 {[#]} Ra5 $3 74. Rh1 Kd2 75. Kf2 Rf5+ 76. Kg3 e1=Q+ 77. Rxe1 Kxe1 78. Kg4 Rf7 79. Kg3 Rf8 80. Kg4 Kf2 81. Kg5 Kg3 82. Kg6 Kg4 83. Kg7 Rf4 84. Kg6 Rf1 85. Kh7 Kf5 86. Kh6 Kf6 87. Kh7 Rb1 88. Kh8 Kg6 89. Kg8 Rb8#) 67. Kf3 {[%emt 0:00:13] The position is equal.} e2 68. Rb1+ Kd2 69. Kf2 {[%emt 0:00:05] Inhibits e1Q+.} Ra2 70. Re1 Kd3 71. Rb1 $1 Rd2 72. Re1 Ra2 73. Rb1 $1 Ra5 {[%emt 0:00:55] Threatens to win with ...Rf5+.} 74. Rb3+ Kc2 (74... Kd2 $5 75. Rb2+ Kd3 76. Rxe2 Kc4 $11) 75. Re3 {[%emt 0:00:11] Inhibits Re5.} Kd1 (75... e1=Q+ $5 76. Kxe1 Rh5 $11) 76. Rd3+ Kc2 77. Re3 {[%emt 0:00:05] Weighted Error Value: White=0.46/Black=0.35} 1/2-1/2

[Event "Edinburgh Bicentenary IM 2022"]
[Site "Edinburgh"]
[Date "2022.06.02"]
[Round "3.1"]
[White "Hill, Alistair"]
[Black "Waldhausen Gordon, Frederick"]
[Result "*"]
[ECO "B06"]
[WhiteElo "2204"]
[BlackElo "1939"]
[Annotator "TA"]
[PlyCount "20"]
[EventDate "2022.06.01"]
[EventType "tourn"]
[EventCountry "SCO"]
[SourceTitle "playchess.com"]
[Source "ChessBase"]
[SourceQuality "1"]
[TimeControl "5400+30"]

1. e4 c5 2. c3 d5 3. exd5 Qxd5 4. d4 g6 5. Nf3 Bg7 6. Nbd2 {[%emt 0:00:30] next Bc4 is good for White. B06: Modern Defence.} Nh6 (6... cxd4 $11 7. Bc4 Qh5) 7. Bc4 $16 {[%emt 0:00:30] [#]} Qd8 $146 ({Predecessor:} 7... Qh5 8. O-O cxd4 9. Nxd4 Qxd1 10. Rxd1 {½-½ (10) Parma,B-Benko,P Nathanya 1971}) 8. O-O (8. dxc5 $16 Nc6 9. Qe2) 8... O-O (8... cxd4 $14 {is superior.} 9. Nxd4 O-O) 9. dxc5 Qc7 10. Nb3 Nd7 {[%emt 0:05:00] Black did not feel at home in the position after the opening.  Weighted Error Value: White=0.15 (very precise) /Black=0.35} *